 Dungeon Crawl Stone Soup version 0.23.2-1-ga50397a6bc (webtiles) character file.

Game seed: 12878113764670547716

1228 Marnok the Chopper (level 8, 0/67 HPs)
             Began as a Demigod Fighter on Apr 20, 2019.
             Succumbed to a killer bee's poison
             ... on level 6 of the Dungeon.
             The game lasted 00:15:21 (6484 turns).

Marnok the Chopper (Demigod Fighter)                Turns: 6484, Time: 00:15:22

Health: 0/67       AC: 10    Str: 19    XL:     8   Next: 3%
Magic:  10/10      EV: 14    Int: 12    God:
Gold:   282        SH: 10    Dex: 24    Spells: 7/7 levels left

rFire    . . .     SeeInvis .   a - +0 war axe
rCold    . . .     Gourm    .   n - +0 shield
rNeg     . . .     Faith    .   o - +0 scale mail
rPois    .         Spirit   .   (no helmet)
rElec    .         Reflect  .   (no cloak)
rCorr    .         Harm     .   (no gloves)
MR       .....                  (no boots)
Stlth    ++........             (no amulet)
HPRegen  0.21/turn              l - +3 ring of protection
MPRegen  0.12/turn              (no ring)

@: agile, lethally poisoned (0 -> -6), berserk cooldown, hasted and slowed
A: high mp 1
a: no special abilities


You were on level 6 of the Dungeon.
You were hungry.

You visited 1 branch of the dungeon, and saw 6 of its levels.

You collected 282 gold pieces.

Inventory:

Hand Weapons
 a - a +0 war axe (weapon)
 s - a +1 flail of protection
 t - a +0 dagger of venom
Missiles
 e - 4 tomahawks of returning (quivered)
Armour
 n - a +0 shield (worn)
 o - a +0 scale mail (worn)
 q - the -4 buckler "Zipsam" {rPois rCorr MP+9}
   (You found it on level 4 of the Dungeon)

   It protects you from poison.
   It affects your magic capacity (+9).
   It provides partial protection from all sources of acid and corrosion.
Jewellery
 b - a +2 ring of dexterity {unknown}
 l - a +3 ring of protection (left hand)
Scrolls
 g - 6 scrolls of remove curse
 j - 2 scrolls of magic mapping
 k - a scroll of identify
 m - 2 scrolls of immolation
 r - 2 scrolls of amnesia
Potions
 d - a potion of resistance
Comestibles
 f - 7 rations
 u - 2 chunks of flesh


   Skills:
 + Level 4.3 Fighting
 + Level 6.5 Axes
 + Level 4.6 Armour
 + Level 1.8 Dodging
 + Level 0.8 Stealth
 + Level 4.1 Shields


You had 7 spell levels left.
You didn't know any spells.
Your spell library contained the following spells:

 Spells                   Type           Power        Failure   Level  Hunger
 Beastly Appendage        Tmut           #.....       98%         1    ##.....
 Infusion                 Chrm           #...         98%         1    ##.....
 Magic Dart               Conj           #...         98%         1    ##.....
 Blink                    Tloc           N/A          99%         2    ###....
 Call Imp                 Summ           #.......     99%         2    ###....
 Shroud of Golubria       Chrm/Tloc      #.........   99%         2    ###....
 Slow                     Hex            #.......     99%         2    ###....
 Song of Slaying          Chrm           #.......     99%         2    ###....
 Sticks to Snakes         Tmut           #.......     99%         2    ###....
 Conjure Flame            Conj/Fire      #.......     100%        3    ####...
 Mephitic Cloud           Conj/Pois/Air  #.......     100%        3    ####...
 Regeneration             Chrm/Necr      #.........   100%        3    ####...
 Spectral Weapon          Hex/Chrm       #.......     100%        3    ####...
 Spider Form              Tmut/Pois      #.........   100%        3    ####...
 Ice Form                 Ice/Tmut       #.......     100%        4    #####..
 Blade Hands              Tmut           #.........   100%        5    ######.


Dungeon Overview and Level Annotations

Branches:
Dungeon (6/15)
 Temple: D:4-7


Innate Abilities, Weirdness & Mutations

You have an increased reservoir of magic. (+10% MP)


Message History

You hit the killer bee but do no damage.
The killer bee is almost dead.
You feel sick.
The killer bee stings you but does no damage.
You block the killer bee's attack. The killer bee barely misses you.
You hit the killer bee.
The killer bee is almost dead.
You feel yourself slow down. You block the killer bee's attack.
The killer bee stings you.
* * * LOW HITPOINT WARNING * * *
You closely miss the killer bee.
The killer bee is almost dead.
You feel sick. The killer bee stings you.
* * * LOW HITPOINT WARNING * * *
You are more poisoned.
The killer bee poisons you! You block the killer bee's attack.
The killer bee completely misses you. You block the killer bee's attack.
Okay, then.
You feel yourself speed up.
You die...

#..# #..# #.y# #y.#
#.y# .. ##.#####...
###### #.........
##....######h.......
#.....'...@yh###...^
#.....######h.....##
#.....# #.......
#.....# #...###.
#.....# #.....
#.##### #..#...
####.# #..#..##
..#.# ... .. #.#.#


You could see a killer bee and 3 jackals.

Vanquished Creatures
  2 ogres
  A centaur (D:5)
  A scorpion (D:4)
  4 killer bees (D:6)
  A jelly (D:5)
  3 hounds
  A centaur skeleton (D:5)
  3 orc priests
  An iguana (D:5)
  3 orc wizards
  5 worker ants
  A hound skeleton (D:4)
  12 adders
  2 shadow imps (D:5)
  An ooze (D:3)
  An adder skeleton (D:5)
  3 worms
  2 dart slugs
  6 leopard geckos
  21 orcs
  11 bats
  8 giant cockroaches
  11 goblins
  8 hobgoblins
  4 jackals
  2 quokkas (D:3)
  A ball python (D:1)
  3 frilled lizards
  7 kobolds
  A leopard gecko skeleton (D:4)
  A quokka skeleton (D:4)
  2 rats
133 creatures vanquished.

Vanquished Creatures (others)
  An orc wizard (D:6)
  2 jackals (D:2)
  A ball python (D:2)
4 creatures vanquished.

Grand Total: 137 creatures vanquished

Notes
Turn   | Place    | Note
-------+----------+-------------------------------------------
     0 | D:1      | Marnok the Demigod Fighter began the quest for the Orb.
     0 | D:1      | Reached XP level 1. HP: 18/18 MP: 3/3
   270 | D:1      | Reached XP level 2. HP: 23/25 MP: 4/4
   316 | D:1      | Reached skill level 2 in Axes
   850 | D:2      | Reached XP level 3. HP: 15/30 MP: 5/5
  1164 | D:2      | Found a shadowy altar of Dithmenos.
  1293 | D:2      | Found a white marble altar of Elyvilon.
  1494 | D:2      | Found a hazy altar of Hepliaklqana.
  2324 | D:3      | Reached skill level 3 in Axes
  2324 | D:3      | Reached XP level 4. HP: 31/38 MP: 6/6
  3055 | D:4      | Reached XP level 5. HP: 41/45 MP: 7/7
  3350 | D:4      | Noticed an ogre
  3356 | D:4      | Killed an ogre
  3356 | D:4      | Reached skill level 4 in Axes
  3356 | D:4      | Reached skill level 1 in Dodging
  3356 | D:4      | Reached XP level 6. HP: 27/51 MP: 8/8
  3646 | D:4      | Found a bloodstained altar of Trog.
  3911 | D:4      | Got a slimy buckler
  3922 | D:4      | Identified the cursed -4 buckler "Zipsam" {rPois rCorr
                  | MP+9} (You found it on level 4 of the Dungeon)
  4782 | D:3      | Reached XP level 7. HP: 8/59 MP: 9/9
  5148 | D:5      | Entered Level 5 of the Dungeon
  5242 | D:5      | Reached skill level 5 in Axes
  5798 | D:5      | Found an ornate altar of the Wu Jian Council.
  5881 | D:5      | Reached skill level 6 in Axes
  5894 | D:5      | Found a bloodstained altar of Trog.
  6475 | D:6      | Reached XP level 8. HP: 13/67 MP: 10/10
  6483 | D:6      | HP: 1/67 [killer bee (3)]
  6484 | D:6      | Succumbed to a killer bee's poison

Skill      XL: |  1  2  3  4  5  6  7 |
---------------+----------------------+-----
Axes           | 2 3 4 6 |  6.5
Armour         | 3 4 |  4.6
Shields        | 3 4 |  4.1
Fighting       | 3 4 |  4.3
Dodging        | 1 |  1.8
Stealth        | |  0.8

Action                   |  1- 3 |  4- 6 |  7- 9 || total
-------------------------+-------+-------+-------++-------
Melee: War axe           |   139 |   257 |   140 ||   536
  Use: Potion            |     2 |     6 |     6 ||    14
       Scroll            |     5 |     1 |     5 ||    11
 Stab: Invisible         |       |     2 |       ||     2
  Eat: Chunk             |     5 |     7 |     6 ||    18
Armor: Scale mail        |    68 |   125 |    57 ||   250
       Skin              |     6 |       |       ||     6
Dodge: Dodged            |    48 |    97 |    68 ||   213
Block: Shield            |    98 |    97 |    83 ||   278
       Buckler           |       |     5 |       ||     5
